 Dungeon Crawl Stone Soup version 0.31-a0-876-gfe8ebadbca (webtiles) character file.

Game seed: 16405094196974485778

8271 browni3141 the Nimble (level 11, -4/69 (72) HPs)
             Began as a Vampire Shapeshifter on Oct 13, 2023.
             Was a Priest of Dithmenos.
             Slain by a two-headed ogre
             ... wielding a +0 giant spiked club
              (7 damage)
             ... while paralysed by a hornet
             ... on level 9 of the Dungeon.
             The game lasted 00:24:49 (8804 turns).

browni3141 the Nimble (Vampire Shapeshifter)        Turns: 8804, Time: 00:24:50

HP:   -4/69 (72)    AC: 13    Str: 13    XL:     11   Next: 7%
MP:   12/12         EV:  2    Int: 12    God:    Dithmenos [***...]
Gold: 566           SH:  0    Dex: 19    Spells: 10/10 levels left

rFire   + .          .
                       - Unarmed
rCold   . . .        (shield currently unavailable)
rNeg    . . .        f - +0 leather armour {rF+}
rPois   .            (no helmet)
rElec   .            K - +1 cloak
rCorr   .            t - +1 pair of gloves
SInv    +            z - +1 pair of boots
Will    +....        H - amulet of regeneration
Stlth   +            l - ring of wizardry
HPRegen 1.31/turn    y - +4 ring of protection
MPRegen 0.13/turn

%: wizardry (x1)
@: paralysed, lethally poisoned (-4 -> -5), flux-form, healing quickly, glowing,
lightly drained
A: glow, contaminating, alive, fangs 3, see invisible, vampiric 2
a: Exsanguinate, Begin Untransformation, Renounce Religion, Shadow Step


You were on level 9 of the Dungeon.
You worshipped Dithmenos.
Dithmenos was most pleased with you.
You were something dangerously unstable.
You visited 2 branches of the dungeon, and saw 10 of its levels.
You also visited: Sewer and Ossuary.

You collected 765 gold pieces.
You spent 199 gold pieces at shops.

Inventory:

Hand Weapons
 p - a +1 antimagic short sword
Missiles
 j - 8 boomerangs
 m - 3 curare-tipped darts (quivered)
 s - 2 atropa-tipped darts
 Q - 4 poisoned darts
 S - a throwing net
Armour
 a - a +0 animal skin
 f - a +0 leather armour of fire resistance (worn)
 k - a +0 leather armour
 r - a +0 scale mail of fire resistance
 t - a +1 pair of gloves (worn)
 z - a +1 pair of boots (worn)
 F - a +0 cloak
 K - a +1 cloak (worn)
Jewellery
 l - a ring of wizardry (left hand)
 y - a +4 ring of protection (right hand)
 H - an amulet of regeneration (around neck)
 O - the amulet "Hiogg" {RegenMP +Inv rCorr}
   (You took it off a gnoll bouda on level 6 of the Dungeon)

   [amulet of magic regeneration]

   RegenMP:   It increases your rate of magic regeneration.
   +Inv:      It lets you turn invisible.
   rCorr:     It protects you from acid and corrosion.
 P - a ring of positive energy
Talismans
 c - a beast talisman
 d - a flux talisman (active)
Wands
 A - a wand of flame (17)
 J - a wand of digging (4)
 T - a wand of paralysis (3)
Scrolls
 e - 4 scrolls of immolation
 g - 2 scrolls of fear
 i - a scroll of poison
 n - 4 scrolls of enchant armour
 q - 3 scrolls of teleportation
 u - 2 scrolls of butterflies
 w - 2 scrolls of fog {unknown}
 B - 2 scrolls of vulnerability {unknown}
 D - 2 scrolls of noise {unknown}
 I - 2 scrolls of blinking {unknown}
 L - 3 scrolls of amnesia {unknown}
 N - a scroll of revelation {unknown}
 U - a scroll of identify
Potions
 b - 4 potions of lignification
 h - 12 potions of enlightenment
 o - 4 potions of curing
 v - a potion of mutation
 x - a potion of attraction {unknown}
 C - a potion of heal wounds
 E - 3 potions of resistance
 G - 2 potions of brilliance {unknown}
 M - 4 potions of berserk rage
 R - a potion of invisibility {unknown}


   Skills:
 - Level 2.0 Fighting
 - Level 2.0 Throwing
 - Level 2.0 Armour
 * Level 12.1 Dodging
 - Level 5.0 Stealth
 + Level 9.1 Unarmed Combat
 - Level 2.0 Invocations
 - Level 2.0 Evocations
 + Level 9.3 Shapeshifting


You had 10 spell levels left.
You didn't know any spells.
Your spell library contained the following spells:

 Spells                   Type           Power      Damage    Failure   Level
 Freeze                   Ice            0%         1d3       16%         1
 Sting                    Tmut/Pois      0%         1d3       16%         1
 Summon Small Mammal      Summ           0%         N/A       16%         1
 Poisonous Vapours        Pois/Air       0%         N/A       26%         2
 Call Canine Familiar     Summ           0%         N/A       43%         3
 Frozen Ramparts          Ice            0%         1d1       43%         3
 Hailstorm                Conj/Ice       0%         3d3       43%         3
 Summon Guardian Golem    Hex/Summ       0%         N/A       43%         3
 Olgreb's Toxic Radiance  Pois           0%         N/A       82%         4


Dungeon Overview and Level Annotations

Branches:
Dungeon (9/15)             Temple (1/1) D:5           Sewer (visited)
Ossuary (visited)
   Lair: D:8-11         Orc: D:9-12

Altars:
Ashenzari
Cheibriados
Dithmenos
Fedhas
Gozag
Hepliaklqana
Kikubaaqudgha
Makhleb
Nemelex Xobeh
Okawaru
Qazlal
Ru
Sif Muna
Trog
Uskayaw
Vehumet
Wu Jian
Xom
Yredelemnul

Shops:
D:4 *   D:7 (   D:8 !


Innate Abilities, Weirdness & Mutations

You are something dangerously unstable.
You glow with magical radiation, making you easy to see and hit.
Foes you strike become dangerously contaminated with magical radiation.
You are incapable of wielding weapons or throwing items.
Your natural rate of healing is accelerated.
You have razor-sharp teeth.
You have supernaturally acute eyesight. (SInv)
You are afflicted with vampirism and can become a bat while bloodless.


Message History

The howler monkey barely misses you.
Unknown command.
Aiming: Paralyse
Press: ? - help, Shift-Dir - straight line, f/p - hornet
Aim: a hornet (umbra, chance to affect: 46%)
The hornet resists with some effort.
You feel yourself speed up.
You feel very sick. The hornet misses you.
The howler monkey closely misses you. The hornet closely misses you.
You punch the two-headed ogre!
The two-headed ogre begins to glow.
You bite the two-headed ogre, but do no damage.
The two-headed ogre is heavily wounded.
You feel sick. The hornet closely misses you.
The howler monkey completely misses you.
The two-headed ogre closely misses you.
The two-headed ogre completely misses you.
You punch the two-headed ogre!
The two-headed ogre glows dangerously bright.
The two-headed ogre is severely wounded.
You feel sick. The hornet stings you.
* * * LOW HITPOINT WARNING * * *
You suddenly lose the ability to move!
The howler monkey hits you but does no damage.
The hornet stings you.
* * * LOW HITPOINT WARNING * * *
You shrug off the repeated paralysis!
You feel sick. The howler monkey hits you.
* * * LOW HITPOINT WARNING * * *
The hornet stings you but does no damage.
The two-headed ogre hits you with a +0 giant spiked club!
* * * LOW HITPOINT WARNING * * *
The two-headed ogre barely misses you.
The howler monkey hits you but does no damage.
You feel sick.
The hornet stings you but does no damage.
The hornet completely misses you.
The howler monkey hits you but does no damage.
The two-headed ogre hits you with a +0 giant spiked club!
You die...

######## ##########
#......##############......>.#
#......#............#........#
#......#......o.....+........#
#......#.....yhO....#........#
#......#....##p.....#........#
#.......###'#########........#
#.....z#....##......#>.......#
##......#...h........#........##
.......O#.:.[........'..........
.........'............#..........
........<#............#.........>
.........######h#######..........
.........................######..


You could see a two-headed ogre (heavy contam, misshapen), a hornet, a howler
monkey and an orc wizard (invisible, misshapen).

Vanquished Creatures
  2 two-headed ogres (D:8)
  Maurice (D:8)
  A gargoyle (D:9)
  2 trolls (D:9)
  A vampire (D:8)
  A wraith (D:9)
  2 wyverns (D:8)
  3 yaks (D:8)
  Eustachio (D:4)
  2 water moccasins
  5 orc warriors
  An ice beast (D:8)
  2 sky beasts
  A black bear (D:7)
  An ogre (D:4)
  A kobold brigand (D:8)
  4 bullfrogs
  3 scorpions
  A necrophage (D:8)
  6 water moccasin zombies (Ossuary)
  11 wights
  22 killer bees
  2 howler monkeys (D:9)
  A jelly (D:4)
  A hound (D:7)
  4 gnoll boudas
  6 orc priests
  Ijyb (D:5)
  3 iguanas
  13 orc wizards
  A hound skeleton (D:8)
  2 mummies (Ossuary)
  8 adders
  17 gnolls
  4 river rats (Sewer)
  A shadow imp (D:7)
  A white imp (D:3)
  An ufetubus (D:5)
  2 adder zombies (Ossuary)
  A worm (D:3)
  7 dart slugs
  35 orcs
  4 endoplasms
  4 giant cockroaches
  3 gnoll zombies (Ossuary)
  5 goblins
  2 hobgoblins (D:4)
  9 jackals
  13 kobolds
  12 quokkas
  11 ball pythons
  14 bats
  5 frilled lizards
  6 hobgoblin zombies (Ossuary)
  6 kobold zombies (Ossuary)
  4 orc zombies (Ossuary)
  21 rats
304 creatures vanquished.

Notes
Turn   | Place    | Note
-------+----------+-------------------------------------------
     0 | D:1      | browni3141 the Vampire Shapeshifter began the quest for the
                  | Orb.
     0 | D:1      | Reached XP level 1. HP: 14/14 MP: 1/1
    98 | D:1      | Reached skill level 1 in Fighting
   249 | D:1      | Reached skill level 1 in Stealth
   293 | D:1      | Reached XP level 2. HP: 21/21 MP: 2/2
   850 | D:2      | Gained mutation: You are afflicted with vampirism and can
                  | become a bat while bloodless. [Vampire growth]
   850 | D:2      | Reached XP level 3. HP: 25/26 MP: 3/3
  1948 | D:3      | Found a glowing drain.
  2007 | Sewer    | Entered a sewer
  2119 | Sewer    | Reached XP level 4. HP: 4/32 MP: 4/4
  2796 | Sewer    | Reached skill level 3 in Dodging
  2873 | Sewer    | Reached skill level 1 in Throwing
  2899 | D:3      | Reached XP level 5. HP: 38/38 MP: 5/5
  3093 | D:4      | Noticed an ogre
  3109 | D:4      | Killed an ogre
  3408 | D:4      | Found Koc Hosch's General Store.
  3408 | D:4      | Noticed Eustachio
  3436 | D:4      | Reached XP level 6. HP: 34/44 MP: 6/6
  3442 | D:4      | Killed Eustachio
  3443 | D:4      | Reached skill level 4 in Dodging
  3443 | D:4      | Reached skill level 5 in Stealth
  3469 | D:4      | Bought a +1 pair of boots for 149 gold pieces
  3563 | D:4      | Noticed a sky beast
  3574 | D:4      | Killed a sky beast
  3575 | D:4      | Reached XP level 7. HP: 36/50 MP: 7/7
  3766 | D:4      | Reached skill level 5 in Shapeshifting
  4036 | D:5      | Entered Level 5 of the Dungeon
  4235 | D:4      | Reached skill level 5 in Dodging
  4329 | D:5      | Found a shadowy altar of Dithmenos.
  4397 | D:5      | Became a worshipper of Dithmenos the Shadowed
  4574 | D:5      | Reached skill level 5 in Unarmed Combat
  4847 | D:5      | Found an ancient bone altar of Kikubaaqudgha.
  4879 | D:5      | Found a staircase to the Ecumenical Temple.
  4889 | D:5      | Reached XP level 8. HP: 35/56 MP: 8/8
  4900 | D:5      | Reached skill level 6 in Dodging
  5039 | D:5      | Reached * piety under Dithmenos
  5069 | Temple   | Entered the Ecumenical Temple
  5161 | D:5      | Noticed Ijyb
  5175 | D:5      | Killed Ijyb
  5194 | D:5      | Found an ornate altar of the Wu Jian Council.
  5386 | D:6      | Identified the amulet "Hiogg" {RegenMP +Inv rCorr}
  5480 | D:6      | Found a sand-covered staircase.
  5484 | Ossuary  | Entered an ossuary
  5604 | Ossuary  | Reached skill level 7 in Dodging
  5604 | Ossuary  | Reached skill level 1 in Invocations
  5604 | Ossuary  | Reached skill level 1 in Evocations
  5653 | Ossuary  | Reached ** piety under Dithmenos
  6095 | D:6      | Reached XP level 9. HP: 58/61 MP: 10/10
  6296 | D:7      | Reached skill level 1 in Armour
  6350 | D:7      | Found Qajugg's Weapon Shop.
  6358 | D:7      | Reached skill level 8 in Dodging
  6642 | D:7      | Found a large runed translucent door.
  6642 | D:7      | Found a large runed translucent door.
  7013 | D:7      | Found a hazy altar of Hepliaklqana.
  7027 | D:7      | Found a shimmering blue altar of Sif Muna.
  7043 | D:7      | Reached skill level 9 in Dodging
  7174 | D:4      | Reached *** piety under Dithmenos
  7249 | D:8      | Noticed a two-headed ogre
  7263 | D:8      | Killed a two-headed ogre
  7264 | D:8      | Reached XP level 10. HP: 40/67 MP: 11/11
  7377 | D:8      | Found a bloodstained altar of Trog.
  7400 | D:8      | Reached skill level 10 in Dodging
  7626 | D:8      | Found a stormy altar of Qazlal.
  7887 | D:8      | Found a burning altar of Makhleb.
  8017 | D:8      | Noticed Maurice
  8031 | D:8      | Maurice stole 8 boomerangs
  8035 | D:8      | Killed Maurice
  8036 | D:8      | Found Cebuasch's Distillery.
  8054 | D:8      | Bought a potion of enlightenment for 50 gold pieces
  8257 | D:9      | Reached skill level 11 in Dodging
  8286 | D:9      | Noticed a two-headed ogre
  8439 | D:9      | Noticed a two-headed ogre
  8452 | D:8      | Killed a two-headed ogre
  8587 | D:9      | Noticed a gargoyle
  8597 | D:9      | Killed a gargoyle
  8650 | D:9      | Reached XP level 11. HP: 64/72 MP: 12/12
  8663 | D:9      | Noticed a centaur warrior
  8672 | D:9      | Reached skill level 12 in Dodging
  8802 | D:9      | Paralysed by a hornet for 2 turns
  8803 | D:9      | HP: 3/69 [two-headed ogre/+0 giant spiked club (7)]
  8804 | D:9      | Slain by a two-headed ogre

Illustrated notes

Levels and vault maps discovered:
D:1:      mrwooster_arrival_arrow, layout_rooms, chequers_mini_garden,
          corexii_item_surrounded_by_moat
D:2:      minmay_inner_zag, layout_loops_ring, chequers_big_river,
          minmay_crystal_room, chequers_jeans
D:3:      layout_rooms, portal_sewer_entry_f
D:4:      layout_basic, serial_shops, shop, hangedman_decor_diamond_cutter,
          serial_bayou_pond_c, minmay_rat_hole, uniq_eustachio
D:5:      kennysheep_slugbush, layout_basic, mainiacjoe_overflow_24_doors,
          mainiacjoe_overflow_alcove_4, nicolae_dithmenos_the_darkroom,
          minmay_temple_entry_ruins, grunt_decor_junction,
          minmay_misc_feat_roman, uniq_ijyb
D:6:      layout_basic, nicolae_ossuary_entry_plus
D:7:      layout_gridville, jmf_multi_god_temple2, nicolae_stop_n_shop_1,
          patterned_corridor
D:8:      layout_basic, trog_three_pillars_becter, grunt_qazlal_clouds,
          makhleb_blood_cavern_becter, serial_shops, nicolae_diamond_shop,
          uniq_maurice
D:9:      cheibrodos_fzero, layout_gridville, tso_metal_star,
          hangedman_decor_points
Temple:   nicolae_temple_ecumenical_triangle

Skill      XL: |  1  2  3  4  5  6  7  8  9 10 11 |
---------------+----------------------------------+-----
Fighting       | 1 2 |  2.0
Stealth        | 1 2 3 4 5 |  5.0
Dodging        | 3 4 5 7 9 11 12 | 12.1
Throwing       | 1 2 |  2.0
Shapeshifting  | 4 5 7 8 9 |  9.3
Unarmed Combat | 4 5 6 7 9 |  9.1
Invocations    | 1 2 |  2.0
Evocations     | 1 2 |  2.0
Armour         | 2 |  2.0

Action                     |  1- 3 |  4- 6 |  7- 9 | 10-12 || total
---------------------------+-------+-------+-------+-------++-------
  Melee: Unarmed           |   146 |   172 |   540 |   348 ||  1206
         Bite              |    12 |     9 |    80 |    55 ||   156
         Punch             |     6 |     2 |     5 |       ||    13
  Throw: Dart              |     1 |     6 |     3 |       ||    10
 Invoke: Shadow Step       |       |       |       |     4 ||     4
Ability: Exsanguinate      |       |       |     1 |       ||     1
         Revivify          |       |       |     1 |       ||     1
  Evoke: Wand              |       |       |    24 |     8 ||    32
    Use: Scroll            |       |       |       |    10 ||    10
         Potion            |       |       |       |     2 ||     2
   Stab: Sleeping          |     5 |     1 |     3 |       ||     9
 Armour: Animal skin       |    13 |       |       |       ||    13
         Leather armour    |    78 |    87 |   279 |   185 ||   629
  Dodge: Dodged            |   117 |   147 |   467 |   368 ||  1099
   Form: Flux              |       |       |     2 |       ||     2

Table legend: (Time is in decaauts)
 A = Elapsed time spent in this place.
 B = Non-inter-level travel time spent in this place.
 C = Inter-level travel time spent in this place.
 D = Time resting spent in this place.
 E = Time spent auto-exploring this place.
 F = Levels seen in this place.
 G = Mean time per level.
                   A        B        C        D        E       F      G
               +--------+--------+--------+--------+--------+-----+--------+
         Total |   8925 |   8379 |    546 |    344 |   5179 |  12 |  743.8 |
       Dungeon |   7656 |   7110 |    546 |    246 |   4590 |   9 |  850.7 |
        Temple |      1 |      1 |      0 |      0 |      0 |   1 |    1.0 |
         Sewer |   1055 |   1055 |      0 |     98 |    538 |   1 | 1055.0 |
       Ossuary |    211 |    211 |      0 |      0 |     51 |   1 |  211.0 |
               +--------+--------+--------+--------+--------+-----+--------+

Top non-repeatable levels by time:
     D:5: 1208 daAuts
     D:2: 1200 daAuts
     D:4: 1117 daAuts
     D:8: 1090 daAuts
   Sewer: 1055 daAuts
     D:7: 952 daAuts
     D:6: 677 daAuts
     D:3: 571 daAuts
     D:1: 442 daAuts
     D:9: 396 daAuts
 Ossuary: 211 daAuts
  Temple: 1 daAuts
